 Dungeon Crawl Stone Soup version 0.30.0-29-ga12c61a403 (webtiles) character file.

Game seed: 3188815827816415827

305 monsoonserge the Ruffian (level 6, 0/49 HPs)
             Began as a Ghoul Gladiator on June 8, 2023.
             Was a Follower of Qazlal.
             Slain by an orc wizard
             ... wielding a +0 dagger
              (2 damage)
             ... on level 4 of the Dungeon.
             The game lasted 00:08:11 (2969 turns).

monsoonserge the Ruffian (Ghoul Gladiator)          Turns: 2969, Time: 00:08:12

Health: 0/49       AC:  7    Str: 20    XL:     6   Next: 39%
Magic:  5/5        EV: 10    Int:  3    God:    Qazlal [*.....]
Gold:   185        SH:  1    Dex: 10    Spells: 5/5 levels left

rFire   . .          .
                       - Unarmed
rCold   + . .        (no shield)
rNeg    + + +        m - +0 scale mail
rPois   ∞            b - +0 helmet
rElec   .            (no cloak)
rCorr   .            (no gloves)
SInv    .            (no boots)
Will    .....        (no amulet) Stlth
                     (no ring)
HPRegen 0.00/turn    (no ring)
MPRegen 0.09/turn

%: no passive effects
@: inhibited regen
A: claws 1, cold resistance 1, negative energy resistance 3, inhibited
regeneration, torment resistance 2, devour on kill
a: Renounce Religion


You were on level 4 of the Dungeon.
You worshipped Qazlal.
Qazlal was aware of your devotion.
You visited 1 branch of the dungeon, and saw 4 of its levels.

You collected 185 gold pieces.

Inventory:

Missiles
 c - 3 throwing nets
 d - a javelin
 u - 4 boomerangs (quivered)
Armour
 a - a +0 leather armour
 b - a +0 helmet (worn)
 m - a +0 scale mail (worn)
Magical Staves
 l - a staff of cold
Jewellery
 q - a ring of ice
Wands
 t - a wand of digging (6)
 w - a wand of charming (6)
Scrolls
 g - 7 scrolls of identify {unknown}
 n - a scroll of teleportation {unknown}
 r - a scroll of enchant armour {unknown}
 s - a scroll of butterflies {unknown}
 v - a scroll of poison {unknown}
Potions
 e - 3 potions of curing
 f - 2 potions of cancellation {unknown}
 h - 2 potions of degeneration {unknown}
 i - a potion of might {unknown}
 j - 3 potions of heal wounds {unknown}
 k - 2 potions of flight {unknown}
 o - a potion of ambrosia {unknown}
 p - a potion of attraction {unknown}


   Skills:
 + Level 2.3 Fighting
 + Level 1.9 Throwing
 + Level 1.9 Armour
 + Level 3.1 Dodging
 - Level 1.0 Stealth
 * Level 6.6 Unarmed Combat


You had 5 spell levels left.
You didn't know any spells.
Your spell library contained the following spells:

 Spells                   Type           Power      Damage    Failure   Level
 Apportation              Tloc           0%         N/A       87%         1
 Magic Dart               Conj           0%         1d3       87%         1
 Necrotise                Necr           0%         1d4       87%         1
 Summon Small Mammal      Summ           0%         N/A       87%         1
 Scorch                   Fire           0%         2d5       95%         2
 Searing Ray              Conj           0%         2d4       95%         2
 Tukima's Dance           Hex            0%         N/A       99%         3
 Flame Wave               Conj/Fire      0%         2d4       100%        4
 Fulminant Prism          Conj/Hex       0%         3d5       100%        4
 Passage of Golubria      Tloc           0%         N/A       100%        4
 Yara's Violent Unravell  Hex/Tmut       0%         3d3       100%        5
 Summon Cactus Giant      Summ           0%         N/A       100%        6


Dungeon Overview and Level Annotations

Branches:
Dungeon (4/15)
 Temple: D:4-7

Altars:
Dithmenos
Gozag
Qazlal


Innate Abilities, Weirdness & Mutations

You are immune to poison.
You have sharp fingernails.
Your flesh is cold resistant. (rC+)
You are immune to negative energy. (rN+++)
You do not regenerate when monsters are visible.
You are immune to unholy pain and torment.
You thrive by killing the living.


Message History

The hound bites you but does no damage. Something hits you but does no damage.
You scratch the hound but do no damage. The hound bites you but does no damage.
Something hits you. The hound barely misses you.
You scratch the hound.
The hound is moderately wounded.
The hound bites you. Something hits you.
You claw the hound!
The hound is almost dead.
The hound bites you.
You hear some strange, mumbled words.
A magic dart appears from out of thin air!
The magic dart hits you!
You scratch the hound.
You kill the hound!
Qazlal accepts your kill. Something hits you but does no damage.
You claw something! You scratch something.
You hear some strange, mumbled words.
A magic dart appears from out of thin air!
The magic dart hits you!
* * * LOW HITPOINT WARNING * * *
You scratch something but do no damage.
You hear some strange, mumbled words.
A puff of flame appears from out of thin air!
The puff of flame hits you.
* * * LOW HITPOINT WARNING * * *
You barely miss something. Something hits you but does no damage.
You scratch something but do no damage. Something hits you but does no damage.
You miss something.
You hear some strange, mumbled words.
A magic dart appears from out of thin air!
The magic dart hits you.
* * * LOW HITPOINT WARNING * * *
Okay, then.
Okay, then.
You miss something. Your claw misses something.
Something hits you but does no damage.
You barely miss something. Something hits you.
You die...

########.# .................
#........# ##########.#####.
#.######## #.. ......# #.....#
#.# #.. ......# #####.# #.# #..+
......# #.# #.########
#..+++......#######.#+ ..........
+...........+......>..
#.##########...{.......####......
#...............@......# #......
#############.#§######## #......
........)......# #......
##########....### #......
#.......<.....# #......
#.......†.....# #......
#.............# #......
#............# #......
#............######## #......


There were no monsters in sight!

Vanquished Creatures
  A black bear (D:4)
  A hound (D:4)
  An orc priest (D:4)
  Ijyb (D:3)
  7 adders
  A worm (D:2)
  2 dart slugs
  An orc (D:4)
  4 ball pythons
  5 bats
  5 endoplasms
  4 giant cockroaches
  7 goblins
  4 hobgoblins
  4 jackals (D:2)
  3 kobolds
  2 quokkas (D:2)
  3 frilled lizards
  2 rats (D:1)
58 creatures vanquished.

Notes
Turn   | Place    | Note
-------+----------+-------------------------------------------
     0 | D:1      | monsoonserge the Ghoul Gladiator began the quest for the
                  | Orb.
     0 | D:1      | Reached XP level 1. HP: 17/17 MP: 0/0
   158 | D:1      | Reached XP level 2. HP: 24/24 MP: 1/1
   892 | D:2      | Reached XP level 3. HP: 29/29 MP: 2/2
   931 | D:2      | Reached skill level 4 in Unarmed Combat
  1639 | D:3      | Reached XP level 4. HP: 33/36 MP: 3/3
  1745 | D:3      | Identified the +1 robe of Limited Liability {Int+4}
  2390 | D:3      | Noticed Ijyb
  2399 | D:3      | Killed Ijyb
  2400 | D:3      | Reached skill level 1 in Armour
  2400 | D:3      | Reached skill level 1 in Stealth
  2400 | D:3      | Reached skill level 5 in Unarmed Combat
  2469 | D:3      | Found a faded altar of an unknown god.
  2473 | D:3      | Found an opulent altar of Gozag.
  2483 | D:3      | Prayed at the altar of an unknown god.
  2483 | D:3      | Became a worshipper of Qazlal Stormbringer
  2483 | D:3      | Reached * piety under Qazlal
  2625 | D:4      | Reached XP level 5. HP: 41/41 MP: 4/4
  2625 | D:4      | Found a shadowy altar of Dithmenos.
  2843 | D:4      | Noticed a black bear
  2891 | D:4      | Killed a black bear
  2892 | D:4      | Reached skill level 6 in Unarmed Combat
  2892 | D:4      | Reached XP level 6. HP: 31/49 MP: 5/5
  2967 | D:4      | HP: 2/49 [something/magic dart (5)]
  2969 | D:4      | Slain by an orc wizard

Illustrated notes

Levels and vault maps discovered:
D:1:      lightli_arrival_farm, layout_loops_corners, minmay_pentomino_s4
D:2:      layout_basic, minmay_misc_feat_plants
D:3:      layout_basic, nicolae_overflow_ecumenical_swirl, uniq_ijyb
D:4:      layout_basic, mainiacjoe_overflow_tiny_flanked, serial_shops,
          nicolae_shop_tiny_real_fake_doors

Skill      XL: |  1  2  3  4  5 |
---------------+----------------+-----
Dodging        | 3 |  3.1
Unarmed Combat | 4 5 6 |  6.6
Armour         | 1 |  1.9
Stealth        | 1 |  1.0
Fighting       | |  2.3
Throwing       | |  1.9

Action                     |  1- 3 |  4- 6 || total
---------------------------+-------+-------++-------
  Melee: Unarmed           |   110 |    78 ||   188
         Punch             |     5 |       ||     5
    Use: Potion            |       |     1 ||     1
   Stab: Sleeping          |     1 |       ||     1
 Armour: Leather armour    |    14 |       ||    14
         Scale mail        |    18 |    40 ||    58
  Dodge: Dodged            |    62 |    48 ||   110
  Block: Other             |       |     3 ||     3
